General information
- name: BNet
- type: Ladder team game (AT/RT)
- host: Battle.net
- saver: WhatHappened2Me
map: Battleground
- players: 8
- length: 10:28
- speed: Fast
- version: 1.28 W3XP
- replay type: Public
» download(65 KB)
Players
team 1 (loser)

»
THORGRIM. (
teal | 55 APM | 493 actions | 08:59)
3 Far Seer
2 Feral Spirit
1 Chain Lighting
1 Shadow Hunter
1 Serpent Ward
» actions
| Assign group hotkey | 14 | |
| Basic commands | 11 | |
| Build / train | 29 | |
| ESC pressed | 1 | |
| Enter build submenu | 10 | |
| Enter hero's abilities submenu | 4 | |
| Right click | 229 | |
| Select / deselect | 108 | |
| Select group hotkey | 59 | |
| Use ability | 28 | |
493 total
» units
| Peon | 8 | |
| Troll Headhunter/Berserker | 10 | |
18 total
» upgrades
| Ranged Weapons | 1 | |
| Shaman Training | 1 | |
| Berserker Upgrade | 1 | |
3 total
» buildings
| Orc Burrow | 3 | |
| Altar of Storms | 1 | |
| War Mill | 1 | |
| Barracks | 2 | |
| Stronghold | 1 | |
| Voodoo Lounge | 1 | |
| Fortress | 1 | |
| Spirit Lodge | 1 | |
11 total
» build order
00:21 Orc Burrow
00:37 Altar of Storms
00:51 War Mill
01:16 Barracks
01:40 Orc Burrow
03:12 Stronghold
03:45 Voodoo Lounge
04:03 Orc Burrow
05:42 Fortress
06:00 Spirit Lodge
08:01 Barracks

»
aroslaw (
blue | 34 APM | 358 actions | 10:22)
3 Mountain King
2 Storm Bolt
1 Bash
» actions
| Assign group hotkey | 3 | |
| Build / train | 35 | |
| Enter build submenu | 11 | |
| Enter hero's abilities submenu | 3 | |
| Right click | 168 | |
| Select / deselect | 111 | |
| Use ability | 27 | |
358 total
» units
» upgrades
» buildings
| Farm | 7 | |
| Barracks | 2 | |
| Altar of Kings | 1 | |
| Blacksmith | 1 | |
| Arcane Vault | 1 | |
| Keep | 1 | |
13 total
» build order
01:00 Farm
01:13 Barracks
01:28 Altar of Kings
01:33 Farm
01:35 Farm
01:45 Barracks
02:36 Farm
02:51 Blacksmith
03:16 Farm
04:06 Arcane Vault
05:52 Farm
05:54 Farm
07:24 Keep
(.)(.) (
yellow | 30 APM | 304 actions | 10:15)
3 Blademaster
2 Wind Walk
1 Critical Strike
» actions
| Assign group hotkey | 10 | |
| Basic commands | 18 | |
| Build / train | 27 | |
| Enter build submenu | 7 | |
| Enter hero's abilities submenu | 3 | |
| Right click | 89 | |
| Select / deselect | 99 | |
| Select group hotkey | 31 | |
| Use ability | 20 | |
304 total
» units
» upgrades
» buildings
| Altar of Storms | 1 | |
| Orc Burrow | 3 | |
| Barracks | 1 | |
| War Mill | 1 | |
| Voodoo Lounge | 1 | |
| Stronghold | 1 | |
8 total
» build order
00:13 Altar of Storms
00:20 Orc Burrow
01:05 Barracks
01:23 Orc Burrow
02:14 War Mill
02:30 Orc Burrow
03:02 Voodoo Lounge
04:33 Stronghold
» items
| Healing Salve | 1 | |
| Lesser Clarity Potion | 1 | |
2 total
WhatHappened2Me (
orange | 16 APM | 172 actions | 10:28)
1 Paladin
1 Divine Shield
» actions
| Basic commands | 10 | |
| Build / train | 19 | |
| Enter build submenu | 6 | |
| Enter hero's abilities submenu | 1 | |
| Right click | 52 | |
| Select / deselect | 73 | |
| Use ability | 11 | |
172 total
» units
» upgrades
» buildings
| Altar of Kings | 1 | |
| Barracks | 1 | |
| Farm | 3 | |
| Scout Tower | 1 | |
| Arcane Tower | 1 | |
7 total
» build order
00:20 Altar of Kings
00:35 Barracks
00:50 Farm
00:52 Farm
01:05 Farm
01:47 Scout Tower
02:15 Arcane Tower
team 2 (winner)
screem52240 (
pink | 76 APM | 797 actions | 10:28)
5 Blademaster
2 Wind Walk
3 Critical Strike
» actions
| Assign group hotkey | 198 | |
| Basic commands | 24 | |
| Build / train | 50 | |
| Enter build submenu | 12 | |
| Enter hero's abilities submenu | 5 | |
| Give item / drop item | 2 | |
| Right click | 331 | |
| Select / deselect | 107 | |
| Select group hotkey | 30 | |
| Use ability | 38 | |
797 total
» units
| Peon | 11 | |
| Grunt | 6 | |
| Shaman | 2 | |
| Tauren | 2 | |
21 total
» upgrades
| Armor | 2 | |
| Shaman Training | 2 | |
| Melee Weapons | 1 | |
| Pulverize | 1 | |
6 total
» buildings
| Orc Burrow | 4 | |
| Altar of Storms | 1 | |
| Barracks | 1 | |
| Stronghold | 2 | |
| Voodoo Lounge | 1 | |
| War Mill | 1 | |
| Fortress | 2 | |
| Spirit Lodge | 1 | |
| Tauren Totem | 2 | |
15 total
» build order
00:14 Orc Burrow
00:22 Altar of Storms
00:33 Barracks
01:41 Orc Burrow
03:00 Stronghold
03:15 Voodoo Lounge
03:52 War Mill
05:23 Fortress
05:23 Fortress
05:27 Spirit Lodge
06:15 Orc Burrow
07:55 Tauren Totem
08:33 Tauren Totem
10:02 Orc Burrow
» items
| Healing Salve | 2 | |
| Rod of Necromancy | 2 | |
4 total
Chopard (
purple | 87 APM | 906 actions | 10:28)
5 Dark Ranger
3 Black Arrow
2 Silence
» actions
| Assign group hotkey | 62 | |
| Basic commands | 2 | |
| Build / train | 72 | |
| Enter build submenu | 13 | |
| Enter hero's abilities submenu | 5 | |
| Right click | 358 | |
| Select / deselect | 180 | |
| Select group hotkey | 191 | |
| Use ability | 23 | |
906 total
» units
| Wisp | 29 | |
| Archer | 15 | |
| Forest Troll Shadow Priest | 1 | |
| Hippogryph | 8 | |
53 total
» upgrades
| Strength of the Moon | 2 | |
| Improved Bows | 1 | |
| Hippogryph Taming | 1 | |
| Moon Armor | 1 | |
5 total
» buildings
| Moon Well | 4 | |
| Altar of Elders | 1 | |
| Ancient of War | 2 | |
| Tree of Ages | 2 | |
| Tree of Life | 1 | |
| Hunter's Hall | 1 | |
| Ancient Protector | 2 | |
| Ancient of Wind | 2 | |
| Tree of Eternity | 1 | |
16 total
» build order
00:08 Moon Well
00:11 Altar of Elders
01:36 Ancient of War
01:42 Ancient of War
01:56 Moon Well
02:19 Moon Well
04:32 Tree of Ages
04:32 Tree of Ages
05:20 Tree of Life
05:26 Hunter's Hall
05:40 Moon Well
06:40 Ancient Protector
06:44 Ancient Protector
06:58 Ancient of Wind
07:00 Ancient of Wind
10:11 Tree of Eternity
dudu (
green | 52 APM | 542 actions | 10:28)
4 Death Knight
2 Death Coil
2 Unholy Aura
» actions
| Assign group hotkey | 14 | |
| Basic commands | 40 | |
| Build / train | 40 | |
| ESC pressed | 4 | |
| Enter build submenu | 18 | |
| Enter hero's abilities submenu | 4 | |
| Give item / drop item | 1 | |
| Right click | 192 | |
| Select / deselect | 118 | |
| Select group hotkey | 47 | |
| Use ability | 64 | |
542 total
» units
| Acolyte | 2 | |
| Ghoul | 17 | |
| Obsidian Statue | 2 | |
21 total
» upgrades
| Unholy Strength | 2 | |
| Unholy Armor | 1 | |
| Necromancer Training | 1 | |
| Skeletal Longevity | 1 | |
5 total
» buildings
| Crypt | 1 | |
| Altar of Darkness | 1 | |
| Ziggurat | 6 | |
| Tomb of Relics | 1 | |
| Nerubian Tower | 1 | |
| Graveyard | 1 | |
| Halls of the Dead | 1 | |
| Spirit Tower | 2 | |
| Slaughterhouse | 2 | |
| Temple of the Damned | 3 | |
| Black Citadel | 1 | |
20 total
» build order
00:08 Crypt
00:09 Altar of Darkness
00:33 Ziggurat
00:51 Tomb of Relics
01:27 Nerubian Tower
01:55 Ziggurat
03:02 Graveyard
03:42 Halls of the Dead
04:22 Ziggurat
05:35 Spirit Tower
05:37 Ziggurat
06:04 Slaughterhouse
06:04 Temple of the Damned
06:19 Spirit Tower
08:08 Slaughterhouse
08:11 Temple of the Damned
08:26 Temple of the Damned
08:34 Ziggurat
08:34 Ziggurat
10:04 Black Citadel
» items
| Rod of Necromancy | 2 | |
| Dust of Appearance | 1 | |
| Potion of Mana | 1 | |
4 total

»
SirLeni87 (
red | 47 APM | 490 actions | 10:28)
4 Demon Hunter
2 Evasion
2 Mana Burn
» actions
| Assign group hotkey | 18 | |
| Basic commands | 3 | |
| Build / train | 33 | |
| Enter build submenu | 15 | |
| Enter hero's abilities submenu | 4 | |
| Right click | 221 | |
| Select / deselect | 85 | |
| Select group hotkey | 78 | |
| Use ability | 33 | |
490 total
» units
» upgrades
| Strength of the Wild | 1 | |
| Reinforced Hides | 2 | |
3 total
» buildings
| Altar of Elders | 1 | |
| Moon Well | 4 | |
| Ancient of War | 1 | |
| Ancient of Wonders | 1 | |
| Hunter's Hall | 1 | |
| Tree of Ages | 1 | |
| Ancient Protector | 2 | |
| Tree of Eternity | 1 | |
| Ancient of Wind | 1 | |
13 total
» build order
00:05 Altar of Elders
00:14 Moon Well
00:52 Ancient of War
01:34 Moon Well
02:05 Ancient of Wonders
02:32 Moon Well
03:28 Hunter's Hall
04:18 Moon Well
05:17 Tree of Ages
05:49 Ancient Protector
05:53 Ancient Protector
08:37 Tree of Eternity
08:58 Ancient of Wind
» items
| Circlet of Nobility | 1 | |
| Potion of Healing | 1 | |
| Scroll of Town Portal | 1 | |
3 total
Chat log
(00:11 / All) THORGRIM.: gl h fall
(00:21 / Allies) aroslaw: mass rush?
(00:25 / Allies) WhatHappened2Me: yeah rush
(00:29 / Allies) THORGRIM.: k
(00:38 / Allies) aroslaw: me mk foots mass
(00:42 / Allies) (.)(.): hmm
(00:45 / All) WhatHappened2Me: hi
(00:46 / Allies) THORGRIM.: hh
(00:46 / Allies) (.)(.): ok
(00:52 / All) screem52240: gk
(00:54 / All) screem52240: gl
(00:57 / Allies) (.)(.): ill make grunts
(04:33 / Allies) aroslaw: ready?
(04:39 / Allies) THORGRIM.: first
(05:14 / Allies) (.)(.): no hero?
(05:21 / Allies) THORGRIM.: wtf
(05:26 / Allies) THORGRIM.: i just had this last game
(05:30 / Allies) aroslaw: go
(05:32 / Allies) THORGRIM.: same fucking guy
(05:52 / Allies) (.)(.): i have illusion too
(07:27 / Allies) aroslaw: wtf
(08:00 / Allies) (.)(.): god
(08:14 / Allies) (.)(.): ty orange
(08:44 / Allies) (.)(.): well
(08:56 / Allies) THORGRIM.: ty oj
(09:07 / All) (.)(.): dat oj
(09:16 / All) WhatHappened2Me: HAVE AT THEE
(09:17 / All) WhatHappened2Me: DEUS VULT
(10:08 / All) WhatHappened2Me: cANNON SHOT TO THE LEFT OF ME
(10:11 / All) WhatHappened2Me: CANNON SHOT TO THE RIGH
(10:15 / Allies) aroslaw: fuck off orange
(10:19 / Allies) aroslaw: noob
(10:23 / All) WhatHappened2Me: THUNDERED AND VOLLEYED